 Dungeon Sprint DCSS version 0.31.0-32-g396128a36d (webtiles) character file.

Game seed: 12462977388581413833

101 AdnanSaban the Covered (level 4, -2/32 HPs)
             Began as a Gargoyle Fighter on Apr 11, 2024.
             Slain by an iguana (8 damage)
             ... in the Dungeon (Sprint IX: "|||||||||||||||||||||||||||||").
             The game lasted 00:00:21 (74 turns).

AdnanSaban the Covered (Gargoyle Fighter)             Turns: 74, Time: 00:00:21

Health: -2/32      AC: 11    Str: 21    XL:     4   Next: 75%
Magic:  4/4        EV:  9    Int:  9    God:
Gold:   0          SH:  5    Dex:  9    Spells: 3/3 levels left

rFire   . . .        a - +0 flail
rCold   . . .        c - +0 buckler
rNeg    + . .        b - +0 scale mail
rPois   ∞            (no helmet)
rElec   +            (no cloak)
rCorr   .            (no gloves)
SInv    .            (no boots)
Will    .....        (no amulet) Stlth
                     (no ring)
HPRegen 0.25/turn    (no ring)
MPRegen 0.09/turn

%: no teleportation
@: no status effects
A: sickness immunity, AC +3, negative energy resistance 1, electricity
resistance, torment resistance 1, petrification resistance
a: no special abilities


You were in the Dungeon.
You visited 1 branch

Inventory:

Hand Weapons
 a - a +0 flail (weapon)
Armour
 b - a +0 scale mail (worn)
 c - a +0 buckler (worn)
Scrolls
 j - a scroll of blinking
Potions
 d - a potion of might
 e - a potion of curing
 f - a potion of heal wounds
 g - a potion of haste
 h - 2 potions of magic
 i - a potion of berserk rage


   Skills:
 + Level 6.1 Fighting
 + Level 4.1 Maces & Flails
 + Level 6.1 Armour
 + Level 6.0 Shields


You had 3 spell levels left.
You didn't know any spells.
Your spell library was empty.

Dungeon Overview and Level Annotations

Branches:
Dungeon (1/1)

Altars:


Innate Abilities, Weirdness & Mutations

You are immune to sickness and miasma.
Your stone body is resilient. (AC +3)
You are immune to poison.
You resist negative energy. (rN+)
You are resistant to electric shocks. (rElec)
You are resistant to unholy torment.
You are immune to petrification.


Message History

You sock the iguana!
You kill the iguana!
The dart slug launches a dart at you.
The slug dart hits you but does no damage.
Your Fighting skill increases to level 6!
Your Maces & Flails skill increases to level 4!
Your Armour skill increases to level 6!
The dart slug launches a dart at you. You block the slug dart.
The dart slug launches a dart at you. The slug dart misses you.
The dart slug launches a dart at you. The slug dart misses you.
There is an open door to the Dungeon, spattered with blood here.
Things that are here:
a +0 club; a giant cockroach corpse The dart slug launches a dart at you.
You block the slug dart.
There is a staircase leading out of the dungeon here.
The iguana hisses menacingly.
You hit the dart slug.
The dart slug is heavily wounded.
You are too injured to fight recklessly!
You are too injured to fight recklessly!
You are too injured to fight recklessly!
You are too injured to fight recklessly!
You are too injured to fight recklessly!
You are too injured to fight recklessly!
You sock the dart slug!
You kill the dart slug!
Your Shields skill increases to level 6!
You sock the iguana!
The iguana is heavily wounded.
The iguana misses you.
You hit the iguana.
The iguana is severely wounded.
The iguana bites you.
* * * LOW HITPOINT WARNING * * *
The iguana bites you!
You die...

▓.▓
▓.▓
▓.▓
▓.▓
▓)▓
▓.▓
▓.▓
▓l▓
▓@▓
▓▓▓


You could see an iguana.

Vanquished Creatures
  A scorpion (D)
  An iguana (D)
  An adder (D)
  A dart slug (D)
  A ball python (D)
  An endoplasm (D)
  2 giant cockroaches (D)
  A goblin (D)
9 creatures vanquished.

Notes
Turn   | Place    | Note
-------+----------+-------------------------------------------
     0 | D        | AdnanSaban the Gargoyle Fighter began the quest for the
                  | Orb.
     0 | D        | Reached XP level 1. HP: 14/14 MP: 1/1
    14 | D        | Reached XP level 2. HP: 16/20 MP: 2/2
    33 | D        | Noticed a scorpion
    47 | D        | Killed a scorpion
    48 | D        | Reached skill level 5 in Fighting
    48 | D        | Reached skill level 5 in Armour
    48 | D        | Reached skill level 5 in Shields
    48 | D        | Reached XP level 3. HP: 10/27 MP: 3/3
    48 | D        | Reached XP level 4. HP: 12/32 MP: 4/4
    74 | D        | Slain by an iguana

Illustrated notes

Levels and vault maps discovered:
D:        linesprint [early_d, line_temple, items_1, d_10, items_2, lair_1,
          lair_end, items_3, orc_1, orc_end, items_4, d_15, swamp_1, shoals_1,
          snake_1, spider_1, d_20, vaults_1, items_5, swamp_end, shoals_end,
          snake_end, spider_end, vaults_end, d_27, items_6, zot_1, zot_end,
          crypt_end, forest_end, elf_end, slime_end, tomb_end, abyss_end,
          pan_hell_end]

Skill      XL: |  1  2  3  4 |
---------------+-------------+-----
Fighting       | 4 5 6 |  6.1
Armour         | 4 5 6 |  6.1
Shields        | 5 6 |  6.0
Maces & Flails | 3 4 |  4.1

Action                     |  1- 3 |  4- 6 || total
---------------------------+-------+-------++-------
  Melee: Flail             |    24 |     8 ||    32
 Armour: Scale mail        |    14 |     5 ||    19
  Dodge: Dodged            |    12 |     5 ||    17
  Block: Buckler           |     4 |     2 ||     6
